 Dungeon Crawl Stone Soup version 0.32-a0-996-gb3226c233f (webtiles) character file.

Game seed: 9875163716128704673

343 Emyrixl the Charlatan (level 6, -8/49 HPs)
             Began as a Mountain Dwarf Artificer on Apr 23, 2024.
             Mangled by a gnoll
             ... wielding a +0 trident
              (11 damage)
             ... in a bailey.
             The game lasted 00:10:46 (3103 turns).

Emyrixl the Charlatan (Mountain Dwarf Artificer)    Turns: 3103, Time: 00:10:48

Health: -8/49      AC:  3    Str: 18    XL:     6   Next: 31%
Magic:  15/15      EV: 11    Int: 13    God:
Gold:   173        SH:  0    Dex: 13    Spells: 5/5 levels left

rFire   + + .        n - +6 short sword (drain)
rCold   x . .        (no shield)
rNeg    . . .        e - +1 robe of Inlyahaymp {rElec MP+9 Str+3 Dex+3}
rPois   .            (no helmet)
rElec   +            (no cloak)
rCorr   .            (no gloves)
SInv    .            (no boots)
Will    .....        (no amulet)
Stlth   ++           l - ring of fire
HPRegen 0.28/turn    r - ring of protection from fire
MPRegen 0.14/turn

%: no passive effects
@: no status effects
A: runic magic, artefact enchanting
a: no special abilities


You were in a bailey.
You visited 1 branch of the dungeon, and saw 5 of its levels.
You also visited: Bailey.

You collected 173 gold pieces.

Inventory:

Hand Weapons
 a - a +0 club
 i - a +0 short sword
 n - a +6 short sword of draining (weapon)
Missiles
 h - 3 poisoned darts
Armour
 b - a +0 leather armour
 e - the +1 robe of Inlyahaymp (worn) {rElec MP+9 Str+3 Dex+3}
   (You found it on level 7 of the Dungeon)

   Str+3:     It affects your strength (+3).
   Dex+3:     It affects your dexterity (+3).
   rElec:     It insulates you from electricity.
   MP+9:      It affects your magic capacity (+9).
 j - a +0 scale mail
 m - a +1 chain mail
Jewellery
 l - a ring of fire (left hand)
 r - a ring of protection from fire (right hand)
Wands
 d - a wand of charming (9) (quivered)
Scrolls
 c - a scroll of identify {unknown}
 q - 2 scrolls of vulnerability
Potions
 k - a potion of lignification {unknown}
 o - a potion of heal wounds {unknown}
 s - a potion of curing {unknown}


   Skills:
 + Level 2.3 Fighting
 + Level 1.6 Short Blades
 + Level 0.6 Maces & Flails
 + Level 4.3 Armour
 + Level 1.8 Dodging
 + Level 1.4 Stealth
 + Level 4.7 Evocations


You had 5 spell levels left.
You didn't know any spells.
Your spell library contained the following spells:

 Spells                   Type           Power      Damage    Failure   Level
 Freeze                   Ice            0%         1d3       30%         1
 Necrotise                Necr           0%         1d4       30%         1
 Call Canine Familiar     Summ           0%         N/A       67%         3
 Frozen Ramparts          Ice            0%         1d1       67%         3
 Hailstorm                Conj/Ice       0%         3d5       67%         3
 Maxwell's Portable Pile  Tloc           0%         2d(5-13)  67%         3
 Sigil of Binding         Hex            0%         N/A       67%         3
 Vampiric Draining        Necr           0%         2d6       67%         3
 Anguish                  Hex/Necr       0%         N/A       97%         4
 Cause Fear               Hex            0%         N/A       97%         4
 Dimensional Bullseye     Hex/Tloc       0%         N/A       97%         4
 Martyr's Knell           Necr/Summ      0%         N/A       97%         4
 Curse of Agony           Necr           0%         N/A       100%        5
 Enfeeble                 Hex            0%         N/A       100%        7
 Magnavolt                Erth/Air       0%         3d9       100%        7
 Maxwell's Capacitive Co  Air            0%         ∞         100%        8


Dungeon Overview and Level Annotations

Branches:
Dungeon (7/15)             Bailey (1/1)
 Temple: D:4-7

Altars:
Vehumet
The Shining One

Shops:
D:1 (

Annotations:
D:4 Edmund


Innate Abilities, Weirdness & Mutations

Your spellcasting is much less encumbered by armour.
You can use scrolls of enchantment on lesser artefacts.


Message History

The hound bites you but does no damage. The hound barely misses you.
The hound barely misses you. The hound bites you.
* * * LOW HITPOINT WARNING * * *
The hound bites you.
* * * LOW HITPOINT WARNING * * *
The hound barely misses you. The hound misses you. The hound barely misses you.
You hit the hound. You drain the hound.
You kill the hound!
You see here a hound corpse.
HP restored.
You open the gate.
There is an open gate here.
You open the door.
A gnoll sergeant and 2 gnolls come into view.
The gnoll shouts!
The gnoll sergeant shouts!
Found 28 gold pieces.
There is an open door here.
There is an open gate here.
The gnoll sergeant closely misses you. The gnoll hits you with a +0 trident.
The gnoll hits you from afar with a +0 trident!
The gnoll hits you from afar with a +0 trident.
The gnoll barely misses you.
The gnoll sergeant hits you with a +0 glaive!
There is an open door, spattered with blood here.
You barely miss the gnoll.
The gnoll hits you from afar with a +0 trident!
* * * LOW HITPOINT WARNING * * *
The gnoll hits you with a +0 trident.
* * * LOW HITPOINT WARNING * * *
The gnoll sergeant hits you with a +0 glaive!
* * * LOW HITPOINT WARNING * * *
Aiming: Charm
Press: ? - help, Q - select action, (/) - cycle Shift-Dir - straight line, f - gnoll
Aim: a gnoll, wielding a +0 trident and wearing a +0 ring mail (chance to affect: 69%)
The gnoll struggles to resist.
The gnoll hits you from afar with a +0 trident!
You die...

#..≈.♣ #..≈.♣♣ #..≈..♣♣
#### #..≈...♣ ##...#
#..≈...♣
#.....######..≈...♣♣
...$...#g..'....)..♣♣♣#
...ß..g@...'....).∩†.∩#
...$...#.g.'.......♣♣♣#
#.....######..≈...♣♣
##...# #..≈..♣♣ ####
#..≈..♣ #..≈..♣ #..≈.♣♣
#..≈.♣ #...≈≈♣♣


You could see a gnoll sergeant and 2 gnolls.

Vanquished Creatures
  Sigmund (D:3)
  A bombardier beetle (D:3)
  3 hounds
  Jessica (D:2)
  2 adders (D:3)
  A dart slug (D:1)
  An orc (D:3)
  8 endoplasms
  A giant cockroach (D:1)
  6 goblins
  3 hobgoblins
  2 jackals (D:2)
  3 quokkas
  7 ball pythons
  2 frilled lizards (D:1)
  4 kobolds
46 creatures vanquished.

Vanquished Creatures (collateral kills)
  2 gnolls (Bailey)
  2 orcs (D:3)
  An endoplasm (D:3)
5 creatures vanquished.

Vanquished Creatures (others)
  A goblin (D:7)
1 creature vanquished.

Grand Total: 52 creatures vanquished

Notes
Turn   | Place    | Note
-------+----------+-------------------------------------------
     0 | D:1      | Emyrixl the Mountain Dwarf Artificer began the quest for
                  | the Orb.
     0 | D:1      | Reached XP level 1. HP: 16/16 MP: 1/1
   101 | D:1      | Found Vyruroaj's Antique Weapon Emporium.
   205 | D:1      | Reached XP level 2. HP: 19/23 MP: 2/2
  1559 | D:2      | Reached skill level 1 in Dodging
  1626 | D:2      | Noticed Jessica
  1631 | D:2      | Killed Jessica
  1632 | D:2      | Reached XP level 3. HP: 24/29 MP: 3/3
  1797 | D:3      | Found a faded altar of an unknown god.
  1819 | D:3      | Reached XP level 4. HP: 29/36 MP: 4/4
  1948 | D:3      | Found a radiant altar of Vehumet.
  2160 | D:3      | Noticed Sigmund
  2181 | D:3      | Reached skill level 1 in Stealth
  2220 | D:3      | Killed Sigmund
  2221 | D:3      | Reached skill level 1 in Short Blades
  2221 | D:3      | Reached XP level 5. HP: 9/41 MP: 5/5
  2782 | D:4      | Noticed Edmund
  2788 | D:4      | You fall into a shaft and drop 3 floors!
  2817 | D:7      | Identified the +1 robe of Inlyahaymp {rElec MP+9 Str+3
                  | Dex+3}
  2831 | D:7      | Found a glowing golden altar of the Shining One.
  2843 | D:7      | Reached XP level 6. HP: 47/48 MP: 6/6
  2881 | D:7      | Found a flagged portal.
  2887 | Bailey   | Entered a bailey
  3103 | Bailey   | Mangled by a gnoll

Illustrated notes

Levels and vault maps discovered:
D:1:      psy_arrival_conway, layout_loops_cross, serial_shops, shop
D:2:      layout_basic, uniq_jessica
D:3:      layout_basic, vehumet_crystals, nicolae_ecumenical_snake_handling,
          uniq_sigmund
D:4:      layout_gridville, minmay_fractal_squares_gapless_5, uniq_ijyb,
          uniq_crazy_yiuf_cottage, uniq_duvessa, uniq_eustachio, uniq_edmund
D:7:      layout_loops_cross, chequers_temple_overflow_statue_of_worship,
          mainiacjoe_overflow_24_doors, enter_bailey_3
Bailey:   bailey_polearm_gnolls_kennysheep, bailey

Skill      XL: |  1  2  3  4 |
---------------+-------------+-----
Dodging        | 1 |  1.8
Evocations     | 4 |  4.7
Armour         | 4 |  4.3
Stealth        | 1 |  1.4
Fighting       | 2 |  2.3
Short Blades   | 1 |  1.6
Maces & Flails | |  0.6

Action                     |  1- 3 |  4- 6 || total
---------------------------+-------+-------++-------
  Melee: Club              |    55 |       ||    55
         Short sword       |    26 |    44 ||    70
  Evoke: Wand              |    13 |    13 ||    26
    Use: Scroll            |       |     5 ||     5
   Stab: Distracted        |       |     1 ||     1
 Armour: Leather armour    |    40 |       ||    40
         Chain mail        |    36 |    24 ||    60
         Scale mail        |     8 |       ||     8
         Robe              |       |    33 ||    33
  Dodge: Dodged            |    57 |    36 ||    93

Table legend: (Time is in decaauts)
 A = Elapsed time spent in this place.
 B = Non-inter-level travel time spent in this place.
 C = Inter-level travel time spent in this place.
 D = Time resting spent in this place.
 E = Time spent auto-exploring this place.
 F = Levels seen in this place.
 G = Mean time per level.
                   A        B        C        D        E       F      G
               +--------+--------+--------+--------+--------+-----+--------+
         Total |   3121 |   3121 |      0 |      0 |   1828 |   6 |  520.2 |
       Dungeon |   2906 |   2906 |      0 |      0 |   1722 |   5 |  581.2 |
        Bailey |    214 |    214 |      0 |      0 |    106 |   1 |  214.0 |
               +--------+--------+--------+--------+--------+-----+--------+

Top non-repeatable levels by time:
     D:1: 1132 daAuts
     D:3: 983 daAuts
     D:2: 683 daAuts
  Bailey: 214 daAuts
     D:7: 100 daAuts
     D:4: 5 daAuts
